 Dungeon Crawl Stone Soup version 0.31-a0-219-g8d62b2e7bb (webtiles) character file.

Game seed: 5678713454991267554

667 qw the Chopper (level 7, -2/44 HPs)
             Began as a Gargoyle Fighter on July 3, 2023.
             Slain by an ogre
             ... wielding a +0 giant spiked club
              (11 damage)
             ... on level 4 of the Dungeon.
             The game lasted 00:02:40 (3965 turns).

qw the Chopper (Gargoyle Fighter)                   Turns: 3965, Time: 00:02:40

Health: -2/44      AC: 15    Str: 27 (28) XL:     7   Next: 57%
Magic:  0/7        EV: 10    Int:  6 (8)  God:
Gold:   175        SH:  4    Dex:  8 (9)  Spells: 6/6 levels left

rFire   . . .        Y - +0 war axe
rCold   . . .        c - +0 buckler
rNeg    + . .        m - +3 scale mail
rPois   inf          j - +0 helmet
rElec   +            (no cloak)
rCorr   .            (no gloves)
SInv    +            (no boots)
Will    .....        g - amulet of guardian spirit Stlth
                     i - +6 ring of strength
HPRegen 0.27/turn    q - ring of see invisible
MPRegen 0.10/turn

%: guardian spirit
@: about to teleport
A: sickness immunity, AC +4, negative energy resistance 1, electricity
resistance, torment resistance 1, petrification resistance
a: no special abilities


You were on level 4 of the Dungeon.
You visited 1 branch of the dungeon, and saw 5 of its levels.
You also visited: Sewer.

You collected 175 gold pieces.


Innate Abilities, Weirdness & Mutations

You are immune to sickness and miasma.
Your stone body is resilient. (AC +4)
You are immune to poison.
You resist negative energy. (rN+)
You are resistant to electric shocks. (rElec)
You are resistant to unholy torment.
You are immune to petrification.


   Skills:
 - Level 4.4 Fighting
 + Level 6.9 Axes
 - Level 3.2 Armour
 - Level 1.0 Dodging
 - Level 3.2 Shields


You had 6 spell levels left.
You didn't know any spells.
Your spell library was empty.

Inventory:

Hand Weapons
 o - a +0 mace
 Y - a +0 war axe (weapon)
Armour
 c - a +0 buckler (worn)
 j - a +0 helmet (worn)
 l - the +0 cloak of Henotheism {Harm Int+3}
   (You found it on level 2 of the Dungeon)

   Int:       It affects your intelligence (+3).
   Harm:      It increases damage dealt and taken.
 m - a +3 scale mail (worn)
Jewellery
 g - an amulet of guardian spirit (around neck)
 i - a +6 ring of strength (left hand)
 q - a ring of see invisible (right hand)
Scrolls
 a - a scroll of identify
 k - 2 scrolls of teleportation
Potions
 b - a potion of invisibility {unknown}
 d - 2 potions of might
 e - a potion of lignification
 f - a potion of heal wounds {unknown}
 h - a potion of magic
 p - a potion of curing

Dungeon Overview and Level Annotations

Branches:
Dungeon (5/15)              Sewer (visited)
 Temple: D:4-7

Altars:
Gozag
Makhleb
Okawaru

Annotations:
D:4 exclusion: 2 goblins


Message History

Enter note:
Enter note:
Enter note:
Enter note:
Enter note:
Enter note:
Enter note:
Enter note:
Enter note:
Enter note:
Enter note:
Enter note:
Enter note: Partly explored, can't reach some places.
(D) Dungeon
Where to? (* - list waypoints, Enter - D:5, ? - help)
What level of the Dungeon? (default 1, ? - help)
There is a stone staircase leading down here.
You climb downwards.
The ogre shouts!
You hear an angry hiss.
There is a stone staircase leading up here.
An ogre is nearby!
Waypoint 5 assigned to D:5.
You hit the ogre but do no damage.
The ogre hits you with a +0 giant spiked club!
3961 ||| STAIRDANCE You climb upwards.
Level annotation: exclusion: 2 goblins
There is a stone staircase leading down here.
You hit the ogre.
The ogre is lightly wounded.
The ogre hits you with a +0 giant spiked club!!
Ouch! That really hurt!
3964 ||| READING 3 scrolls of teleportation.
As you read the scroll of teleportation, it crumbles to dust.
You feel strangely unstable. The ogre barely misses you.
You slash the ogre!
The ogre is heavily wounded.
The ogre hits you with a +0 giant spiked club!
You die...

######## #......#
#......# #......#
#......# #......#
############'#+#####
#..@................
#.O.....####.#######
#...................
############.#######
#.####### #.##.....
#.##.#### #.##.#
#.##.#


You could see an ogre.

Vanquished Creatures
  Grinder (D:3)
  A water moccasin (Sewer)
  A scorpion (D:4)
  A howler monkey (D:4)
  A hound (D:4)
  An iguana (D:4)
  Robin (D:2)
  9 adders
  2 worms
  2 dart slugs
  6 orcs
  8 ball pythons
  15 endoplasms
  4 giant cockroaches
  6 hobgoblins
  3 jackals (Sewer)
  6 quokkas
  7 bats
  3 frilled lizards
  16 goblins
  8 kobolds
  8 rats
110 creatures vanquished.

Notes
Turn   | Place    | Note
-------+----------+-------------------------------------------
     0 | D:1      | qw the Gargoyle Fighter began the quest for the Orb.
     0 | D:1      | Reached XP level 1. HP: 14/14 MP: 1/1
     0 | D:1      | 0 ||| qw: Version: 0.3-a-40-ge99b1a8
     0 | D:1      | 0 ||| qw: Game counter: 400
     0 | D:1      | 0 ||| qw: Melee chars always use a shield: true
     0 | D:1      | 0 ||| qw: God list: Okawaru
     0 | D:1      | 0 ||| qw: Allow faded altars: false
     0 | D:1      | 0 ||| qw: Do Orc after clearing Dungeon:15 true
     0 | D:1      | 0 ||| qw: Do second Lair branch before Depths: true
     0 | D:1      | 0 ||| qw: Lair rune preference: random
     0 | D:1      | 0 ||| qw: Goals: Normal, Zot:1-4, Slime:5, God:TSO, Crypt,
                  | Tomb, Abyss, Pan, Hells, Win
     0 | D:1      | 0 ||| PLANNING D:1-11
    47 | D:1      | Reached skill level 2 in Axes
    75 | D:1      | 75 ||| Stepping ~*~*~tactically~*~*~ (hiding).
   157 | D:1      | Reached XP level 2. HP: 19/19 MP: 2/2
   213 | D:1      | 213 ||| FLEEEEING.
   214 | D:1      | 214 ||| FLEEEEING.
   339 | D:1      | Reached skill level 3 in Axes
   381 | D:1      | 381 ||| Stepping ~*~*~tactically~*~*~ (hiding).
   390 | D:1      | Reached XP level 3. HP: 23/23 MP: 3/3
   910 | D:1      | 910 ||| UPGRADING to amulet of guardian spirit.
   915 | D:1      | 915 ||| UPGRADING to +6 ring of strength.
   916 | D:1      | 916 ||| READING 2 scrolls labelled HYIXEOM CAFOOF.
  1119 | D:2      | Noticed Robin
  1123 | D:2      | 1123 ||| Stepping ~*~*~tactically~*~*~ (hiding).
  1128 | D:2      | Killed Robin
  1129 | D:2      | Reached XP level 4. HP: 21/28 MP: 2/4
  1162 | D:2      | 1162 ||| Stepping ~*~*~tactically~*~*~ (stealth).
  1165 | D:2      | 1165 ||| Stepping ~*~*~tactically~*~*~ (stealth).
  1233 | D:2      | Reached skill level 4 in Axes
  1249 | D:2      | Found a burning altar of Makhleb.
  1269 | D:2      | Identified the +0 cloak of Henotheism {Harm Int+3}
  1449 | D:2      | 1449 ||| Stepping ~*~*~tactically~*~*~ (hiding).
  1556 | D:2      | 1556 ||| Stepping ~*~*~tactically~*~*~ (stealth).
  1557 | D:2      | 1557 ||| Stepping ~*~*~tactically~*~*~ (stealth).
  1687 | D:2      | Found a faded altar of an unknown god.
  1841 | D:2      | 1841 ||| DROPPING +0 club.
  2136 | D:2      | 2136 ||| UPGRADING to +0 helmet.
  2141 | D:2      | 2141 ||| READING scroll labelled ZUWOESITOG.
  2142 | D:2      | 2142 ||| READING scroll labelled JEFIANOSIZ.
  2143 | D:2      | 2143 ||| READING scroll labelled USAT LOORUSAIPHU.
  2144 | D:2      | 2144 ||| READING scroll labelled LUCWASHR ASORI.
  2173 | D:2      | 2173 ||| Stepping ~*~*~tactically~*~*~ (stealth).
  2174 | D:2      | 2174 ||| Stepping ~*~*~tactically~*~*~ (stealth).
  2175 | D:2      | 2175 ||| Stepping ~*~*~tactically~*~*~ (stealth).
  2191 | D:3      | 2191 ||| STAIRDANCE
  2315 | D:3      | Reached XP level 5. HP: 32/32 MP: 5/5
  2342 | D:3      | Noticed Grinder
  2356 | D:3      | 2356 ||| FLEEEEING.
  2357 | D:3      | 2357 ||| FLEEEEING.
  2358 | D:3      | 2358 ||| FLEEEEING.
  2359 | D:3      | 2359 ||| FLEEEEING.
  2360 | D:3      | 2360 ||| FLEEEEING.
  2360 | D:3      | Paralysed by Grinder for 5 turns
  2367 | D:3      | Paralysed by Grinder for 2 turns
  2370 | D:3      | Killed Grinder
  2371 | D:3      | Reached skill level 6 in Axes
  2371 | D:3      | Reached XP level 6. HP: 26/37 MP: 3/6
  2702 | D:3      | Reached skill level 1 in Dodging
  2938 | D:3      | 2938 ||| UPGRADING to +3 scale mail.
  2948 | D:3      | 2948 ||| DROPPING +0 scale mail.
  2949 | D:3      | 2949 ||| READING scroll labelled XAW GUUHA BEE.
  2950 | D:3      | 2950 ||| DRINKING 2 emerald potions.
  2951 | D:3      | 2951 ||| DRINKING 2 inky potions.
  2957 | D:3      | 2957 ||| READING 2 scrolls of identify.
  2957 | D:3      | 2957 ||| IDENTIFYING grey potion
  2958 | D:3      | 2958 ||| DROPPING potion of degeneration.
  2959 | D:3      | 2959 ||| DROPPING potion of ambrosia.
  2964 | D:4      | 2964 ||| PLANNING SEWER
  3008 | D:4      | Reached XP level 7. HP: 39/44 MP: 5/7
  3133 | D:4      | Found an opulent altar of Gozag.
  3420 | D:4      | Found a glowing drain.
  3429 | Sewer    | Entered a sewer
  3554 | Sewer    | 3554 ||| DROPPING scarf of shadows.
  3555 | Sewer    | 3555 ||| UPGRADING to ring of see invisible.
  3556 | Sewer    | 3556 ||| READING scroll labelled KEGOVU KODA.
  3557 | Sewer    | 3557 ||| DRINKING 2 metallic coppery potions.
  3573 | D:4      | 3573 ||| PLANNING D:1-11
  3834 | D:4      | Found an iron altar of Okawaru.
  3835 | D:4      | 3835 ||| PLANNING OKAWARU WORSHIP
  3912 | D:4      | 3912 ||| PLANNING D:1-11
  3959 | D:5      | Entered Level 5 of the Dungeon
  3961 | D:5      | 3961 ||| STAIRDANCE
  3963 | D:4      | HP: 9/44 [ogre/+0 giant spiked club (24)]
  3964 | D:4      | 3964 ||| READING 3 scrolls of teleportation.
  3965 | D:4      | Slain by an ogre

Levels and vault maps discovered:
D:1:      dpeg_arrival_round_b, layout_basic, hangedman_feature_mirror,
          chequers_serial_rivers_small_3
D:2:      layout_loops_ring, shapermc_ecumenical_altar_rom_forum, basic_altar,
          nicolae_hexahallways, patterned_corridor, uniq_robin
D:3:      layout_basic, uniq_grinder
D:4:      layout_basic, grunt_gozag_breadcrumbs, kennysheep_okawaru_gauntlet,
          portal_sewer_entry_d
D:5:      layout_basic, hangedman_decor_slide_cut

Skill      XL: |  1  2  3  4  5  6 |
---------------+-------------------+-----
Axes           | 2 3 4 6 |  6.9
Dodging        | 1 |  1.0
Fighting       | 4 |  4.4
Armour         | |  3.2
Shields        | |  3.2

Action                     |  1- 3 |  4- 6 |  7- 9 || total
---------------------------+-------+-------+-------++-------
  Melee: War axe           |   100 |   174 |    76 ||   350
    Use: Scroll            |     1 |     6 |     2 ||     9
         Potion            |       |     2 |     1 ||     3
 Armour: Scale mail        |    39 |    83 |    37 ||   159
  Dodge: Dodged            |    37 |    57 |    32 ||   126
  Block: Buckler           |    16 |    27 |    13 ||    56

Table legend:
 A = Non-vault XP
 B = Vault XP
 C = Vault XP percentage of total XP
 D = Non-vault monster count
 E = Vault monster count
 F = Vault count percentage of total count
                 A         B        C        D         E       F
            +---------+---------+-------+---------+---------+-------
      Total |     468 |     486 |  50.9 |      89 |      21 |  19.1
            +---------+---------+-------+---------+---------+-------
        D:1 |      45 |       3 |   6.2 |      26 |       2 |   7.1
        D:2 |      75 |      39 |  34.2 |      28 |      13 |  31.7
        D:3 |      75 |     272 |  78.4 |      21 |       1 |   4.5
        D:4 |     273 |      13 |   4.5 |      14 |       1 |   6.7
      Sewer |       0 |     159 | 100.0 |       0 |       4 | 100.0
            +---------+---------+-------+---------+---------+-------
